 Dungeon Crawl Stone Soup version 0.18.1-50-g88ac8fd (webtiles) character file.

14166 magog001 the Protected (level 11, -10/99 HPs)
             Began as a Minotaur Hunter on Feb 3, 2018.
             Was an Elder of Nemelex Xobeh.
             Mangled by an orc warlord
             ... wielding a +4 battleaxe of electrocution
              (40 damage)
             ... on level 2 of the Orcish Mines on Feb 5, 2018.
             The game lasted 01:31:30 (13542 turns).

magog001 the Protected (Minotaur Hunter)           Turns: 13542, Time: 01:31:35

Health: -10/99     AC: 19    Str: 19    XL:     11   Next: 85%
Magic:  12/12      EV: 11    Int:  6    God:    Nemelex Xobeh [****..]
Gold:   1057       SH:  0    Dex: 12    Spells: 0 memorised, 10 levels left

rFire  . . .     SeeInvis .     m - +2 hunting sling (flame)
rCold  + . .     Gourm    .     C - +1 chain mail {MR+}
rNeg   . . .     Faith    .     (no shield)
rPois  +         Spirit   .     (helmet restricted)
rElec  .         Dismiss  .     n - +0 cloak
rCorr  .         Reflect  .     D - +2 pair of gloves
SustAt +         Harm     .     (no boots)
MR     +....                    (no amulet)
Stlth  ..........               l - ring of sustain attributes
                                e - ring of poison resistance

@: somewhat resistant to hostile enchantments, extremely unstealthy
A: retaliatory headbutt, horns 2, cold resistance 1, dopey 1, regeneration 2,
shaggy fur 1
a: Triple Draw, Deal Four, Renounce Religion


You were on level 2 of the Orcish Mines.
You worshipped Nemelex Xobeh.
Nemelex Xobeh was greatly pleased with you.
You were not hungry.

You visited 2 branches of the dungeon, and saw 12 of its levels.

You collected 1323 gold pieces.
You spent 266 gold pieces at shops.

Inventory:

Hand Weapons
 m - a +2 hunting sling of flaming (weapon)
 z - a +2 hand axe of flaming
Missiles
 k - 325 stones
 u - 4 needles of sleeping
 B - 6 curare-tipped needles
 M - 17 sling bullets (quivered)
Armour
 n - a +0 cloak (worn)
 C - a +1 chain mail of magic resistance (worn)
 D - a +2 pair of gloves (worn)
 J - a +2 ring mail of fire resistance
Jewellery
 e - a ring of poison resistance (left hand)
 l - a ring of sustain attributes (right hand)
 x - an uncursed ring of flight
Wands
 a - a wand of confusion (10/48)
 c - a wand of paralysis (7/24)
 d - a wand of lightning (0/15)
 r - a wand of slowing (11/48)
 E - a wand of acid (0/15)
 I - a wand of iceblast (2/15)
Scrolls
 h - 2 scrolls of magic mapping
 i - 2 scrolls of fear
 v - 6 scrolls of remove curse
 A - a scroll of identify
 O - 4 scrolls of fog
Potions
 w - 4 potions of brilliance
Miscellaneous
 b - a plain deck of destruction
 p - an ornate deck of war {drawn: 2}
 q - a plain deck of war
 y - a plain deck of escape {drawn: 5}
 K - a plain deck of destruction
Comestibles
 f - 7 bread rations
 g - 4 meat rations
 t - 2 royal jellies
 H - 8 fruits


   Skills:
 * Level 9.8 Fighting
 * Level 9.3 Axes
 + Level 10.7 Slings
 + Level 1.2(6.3) Throwing
 * Level 12.0 Armour
 * Level 7.9 Dodging
 + Level 1.4 Stealth
 + Level 2.9 Evocations


You had 10 spell levels left.
You didn't know any spells.

Dungeon Overview and Level Annotations

Branches:
Dungeon (10/15)            Temple (0/1) D:7            Lair (0/8) D:8
    Orc (2/2) D:10            Elf (0/3) Orc:2

Altars:
Ashenzari
Dithmenos
Elyvilon
Fedhas
Gozag
Kikubaaqudgha
Makhleb
Nemelex Xobeh
Okawaru
Pakellas
Sif Muna
Trog
Zin
The Shining One
Beogh

Shops:
D:5 !   D:6 ::


Innate Abilities, Weirdness & Mutations

You reflexively headbutt those who attack you in melee.
You have a pair of horns on your head.
Your flesh is cold resistant.
You are dopey. (Int -2)
You heal very quickly.
You are covered in fur (AC +1).


Message History

Aim: an orc warlord, wielding a battleaxe of electrocution and wearing a chain mail (lightly wounded, chance to defeat MR: 19%)
The orc suddenly stops moving!
Evoking this partially-identified wand wasted a few charges.
The moth of wrath goads the orc warlord on!
The orc warlord goes berserk!
The orc warlord hits you with a battleaxe of electrocution!
The orc warlord hits you with a battleaxe of electrocution.
The moth of wrath goads the adder on!
The adder goes berserk!
The orc warlord hits you with a battleaxe of electrocution!!!
You are electrocuted!
The orc warlord hits you with a battleaxe of electrocution.
* * * LOW HITPOINT WARNING * * *
Read which item? (? for menu, Esc to quit)
As you read the scroll of fear, it crumbles to dust.
You assume a fearsome visage.
The orc warlord easily resists.
The moth of wrath resists with some effort.
The adder barely misses you.
The orc warlord hits you with a battleaxe of electrocution!!!
You die...
Your body glows with a rainbow of weird colours and disappears.

#.................#
#................#
##............<..#
#......#........## #
####...............##
#.#.#...#....#........#
........##............#
.............#........#
##..............@....##
#..............So....#
...........#.........##
...<...........#y#...#
#.......#.........#..##
#####...##............#
#.....##...........#
##.................#
######...........##


You could see an orc warlord (berserk), a moth of wrath and an adder (berserk).

Vanquished Creatures
  An orc high priest (Orc:2)
  The ghost of magog001 the Blocker, a novice MiFi (D:6)
  Pikel (D:7)
  3 orc knights (Orc:2)
  3 orc sorcerers (Orc:2)
  Psyche (D:8)
  A two-headed ogre (D:10)
  Grinder (D:6)
  Prince Ribbit (D:7)
  Sigmund (D:5)
  A spriggan (D:9)
  13 yaks
  A wyvern (D:5)
  A basilisk (D:8)
  The ghost of magog001 the Covered, an amateur MiFi (D:4)
  A hippogriff (D:7)
  5 porcupines (D:8)
  2 water moccasins
  A swamp drake (Orc:2)
  7 orc warriors
  3 phantoms
  2 sky beasts
  A slave (D:7)
  7 ogres
  4 centaurs
  An eye of draining (D:10)
  2 crocodiles (D:8)
  5 giant frogs
  5 scorpions
  4 wights (D:8)
  A howler monkey (D:5)
  3 crimson imps
  A quasit (D:9)
  4 hounds
  2 centaur skeletons
  5 orc priests
  2 jellies
  Jessica (D:3)
  Terence (D:3)
  10 orc wizards
  2 iguanas
  5 worker ants
  A sheep (Orc:2)
  2 hound skeletons
  A hound zombie (D:7)
  A howler monkey skeleton (D:7)
  3 river rats
  7 adders
  An ooze (D:1)
  An adder skeleton (D:5)
  2 adder zombies
  A worm (D:3)
  2 dart slugs (D:1)
  5 giant geckos
  33 orcs
  7 bats
  2 giant cockroaches
  9 goblins
  3 hobgoblins
  9 jackals
  A kobold (D:3)
  6 quokkas
  3 ball pythons
  A giant gecko zombie (D:8)
  6 giant newts
  A jackal zombie (D:8)
  6 rats
232 creatures vanquished.

Vanquished Creatures (collateral kills)
  Nergalle (D:10)
  An orc knight (Orc:1)
  A centaur skeleton (D:10)
  A gargoyle (D:10)
  An orc warrior (Orc:1)
  2 black bears (D:10)
  A centaur (D:10)
  A crimson imp (D:10)
  2 orc priests (Orc:1)
  A hound (D:10)
  2 orc wizards (Orc:1)
  A worker ant (D:6)
  An adder (D:10)
  A howler monkey skeleton (D:10)
  3 orcs
  A hobgoblin (D:6)
  A quokka (D:6)
  A quokka zombie (D:6)
23 creatures vanquished.

Vanquished Creatures (others)
  A slave (D:10)
  A hound skeleton (D:7)
  An adder (D:7)
  A shadow imp (D:7)
  An orc (D:10)
  A fungus (D:8)
  A plant (D:8)
7 creatures vanquished.

Grand Total: 262 creatures vanquished

Notes
Turn   | Place    | Note
--------------------------------------------------------------
     0 | D:1      | magog001 the Minotaur Hunter began the quest for the Orb.
     0 | D:1      | Reached XP level 1. HP: 18/18 MP: 0/0
   427 | D:1      | Reached XP level 2. HP: 21/25 MP: 1/1
   607 | D:1      | Reached skill level 5 in Slings
  1212 | D:2      | Reached skill level 1 in Armour
  1212 | D:2      | Reached XP level 3. HP: 30/30 MP: 2/2
  1223 | D:2      | Found a bloodstained altar of Trog.
  1937 | D:2      | Reached XP level 4. HP: 37/37 MP: 3/3
  2586 | D:3      | Found a sparkling altar of Nemelex Xobeh.
  2586 | D:3      | Found a bloodstained altar of Trog.
  2591 | D:3      | Became a worshipper of Nemelex Xobeh the Trickster
  2632 | D:3      | Received a gift from Nemelex Xobeh
  2688 | D:3      | Found a faded altar to an unknown god.
  2710 | D:3      | Noticed Jessica
  2718 | D:3      | Killed Jessica
  2914 | D:3      | Found a sparkling altar of Nemelex Xobeh.
  3420 | D:3      | Noticed Terence
  3468 | D:3      | Killed Terence
  3468 | D:3      | Reached skill level 2 in Armour
  3468 | D:3      | Reached skill level 1 in Stealth
  3468 | D:3      | Reached XP level 5. HP: 34/42 MP: 4/4
  4426 | D:4      | Reached * piety under Nemelex Xobeh
  4460 | D:4      | Received a gift from Nemelex Xobeh
  4511 | D:4      | Reached skill level 1 in Axes
  4658 | D:4      | Noticed magog001's ghost (amateur MiFi)
  5007 | D:3      | Reached XP level 6. HP: 51/51 MP: 5/5
  5270 | D:4      | Killed magog001's ghost
  5270 | D:4      | Reached skill level 3 in Armour
  5835 | D:5      | Entered Level 5 of the Dungeon
  5839 | D:5      | Noticed Sigmund
  5852 | D:5      | Killed Sigmund
  5852 | D:5      | Reached skill level 4 in Armour
  5852 | D:5      | Reached XP level 7. HP: 44/58 MP: 6/6
  6350 | D:5      | Received a gift from Nemelex Xobeh
  6476 | D:5      | Found Qookk's Distillery.
  6527 | D:5      | Bought a potion of heal wounds for 65 gold pieces
  6527 | D:5      | Bought a potion of heal wounds for 65 gold pieces
  6527 | D:5      | Bought a potion of mutation for 32 gold pieces
  6527 | D:5      | Bought a potion of might for 52 gold pieces
  6527 | D:5      | Bought a potion of might for 52 gold pieces
  6527 | D:5      | Gained mutation: You are covered in fur (AC +1). [potion of mutation]
  6527 | D:5      | Gained mutation: You are dopey. (Int -2) [potion of mutation]
  6527 | D:5      | Gained mutation: Your flesh is cold resistant. [potion of mutation]
  6696 | D:5      | Reached ** piety under Nemelex Xobeh
  6773 | D:5      | Reached XP level 8. HP: 53/67 MP: 7/7
  6777 | D:5      | Reached skill level 5 in Armour
  6818 | D:5      | Gained mutation: Your natural rate of healing is unusually fast. [mutagenic meat]
  6819 | D:5      | Gained mutation: You heal very quickly. [mutagenic meat]
  6922 | D:5      | Found a deep blue altar of Sif Muna.
  6946 | D:5      | Reached skill level 5 in Fighting
  7091 | D:6      | Received a gift from Nemelex Xobeh
  7330 | D:6      | Noticed Grinder
  7333 | D:6      | Paralysed by Grinder for 6 turns
  7352 | D:6      | Paralysed by Grinder for 2 turns
  7361 | D:6      | Killed Grinder
  7389 | D:6      | Found Voreupha's Book Emporium.
  7411 | D:6      | Noticed magog001's ghost (novice MiFi)
  7531 | D:6      | Killed magog001's ghost
  7531 | D:6      | Reached skill level 5 in Axes
  7531 | D:6      | Reached skill level 6 in Armour
  7531 | D:6      | Reached skill level 5 in Dodging
  7531 | D:6      | Reached XP level 9. HP: 29/75 MP: 8/8
  7673 | D:6      | Found Yruoff's Book Emporium.
  7914 | D:7      | Noticed Pikel
  7928 | D:7      | Killed Pikel
  7928 | D:7      | Reached skill level 7 in Armour
  8004 | D:7      | Found a staircase to the Ecumenical Temple.
  8156 | D:7      | Received a gift from Nemelex Xobeh
  8209 | D:7      | Reached *** piety under Nemelex Xobeh
  8271 | D:7      | Reached skill level 10 in Slings
  8273 | D:7      | Reached skill level 1 in Throwing
  8279 | D:7      | Reached skill level 1 in Evocations
  8446 | D:7      | Noticed Prince Ribbit
  8466 | D:7      | Killed Prince Ribbit
  8533 | D:7      | Received a gift from Nemelex Xobeh
  9438 | D:7      | Found an opulent altar of Gozag.
  9440 | D:7      | Found a glowing silver altar of Zin.
 10102 | D:8      | Reached XP level 10. HP: 69/86 MP: 9/9
 10103 | D:8      | Reached skill level 8 in Armour
 10125 | D:8      | Reached skill level 9 in Armour
 10126 | D:8      | Noticed Psyche
 10450 | D:8      | Identified the Guide on Shifting Feathers
 10596 | D:8      | Reached skill level 10 in Armour
 10637 | D:8      | Killed Psyche
 10810 | D:8      | Found a staircase to the Lair.
 11161 | D:9      | Found an ancient bone altar of Kikubaaqudgha.
 11161 | D:9      | Found a white marble altar of Elyvilon.
 11209 | D:9      | Found an oddly glowing altar of Pakellas.
 11209 | D:9      | Found an iron altar of Okawaru.
 11209 | D:9      | Found a shadowy altar of Dithmenos.
 11209 | D:9      | Found a burning altar of Makhleb.
 11209 | D:9      | Found a deep blue altar of Sif Muna.
 11210 | D:9      | Found a glowing golden altar of the Shining One.
 11210 | D:9      | Found a blossoming altar of Fedhas.
 11230 | D:9      | Found a shattered altar of Ashenzari.
 11319 | D:9      | Reached XP level 11. HP: 95/95 MP: 11/11
 11364 | D:9      | Reached **** piety under Nemelex Xobeh
 11364 | D:9      | Received a gift from Nemelex Xobeh
 11618 | D:10     | Entered Level 10 of the Dungeon
 11658 | D:10     | Found a staircase to the Orcish Mines.
 11746 | D:10     | Noticed Nergalle
 11792 | D:10     | Killed Nergalle
 11932 | Orc:1    | Entered Level 1 of the Orcish Mines
 12050 | Orc:1    | Found a runed door.
 12069 | Orc:1    | Received a gift from Nemelex Xobeh
 12542 | Orc:1    | Noticed an orc knight
 12556 | Orc:1    | Reached skill level 11 in Armour
 12564 | Orc:1    | Killed an orc knight
 12592 | Orc:1    | Found a roughly hewn altar of Beogh.
 12694 | Orc:2    | Entered Level 2 of the Orcish Mines
 12694 | Orc:2    | Found a staircase to the Elven Halls.
 12833 | Orc:2    | Noticed an orc sorcerer
 12834 | Orc:2    | Noticed an orc sorcerer
 12835 | Orc:2    | Killed an orc sorcerer
 12837 | Orc:2    | Noticed an orc knight
 12837 | Orc:2    | Killed an orc sorcerer
 12838 | Orc:2    | Noticed an orc high priest
 12841 | Orc:2    | Noticed an orc knight
 12842 | Orc:2    | Noticed a soul eater
 12844 | Orc:2    | Noticed an orc high priest
 12844 | Orc:2    | Noticed an orc high priest
 12851 | Orc:2    | Killed an orc knight
 13064 | Orc:2    | Noticed an orc knight
 13098 | Orc:2    | Killed an orc knight
 13221 | Orc:2    | Killed an orc high priest
 13283 | Orc:2    | Noticed an orc knight
 13296 | Orc:2    | Killed an orc knight
 13358 | Orc:2    | Noticed an orc sorcerer
 13366 | Orc:2    | Killed an orc sorcerer
 13367 | Orc:2    | Noticed an orc sorcerer
 13367 | Orc:2    | an orc sorcerer changed into a moth of wrath
 13372 | Orc:2    | Noticed an orc warlord
 13381 | Orc:2    | Reached skill level 12 in Armour
 13542 | Orc:2    | Mangled by an orc warlord

Skill      XL: |  1  2  3  4  5  6  7  8  9 10 11 |
---------------+----------------------------------+-----
Slings         | 5 6 7 9 10 | 10.7
Armour         | 1 2 4 6 7 10 12 | 12.0
Stealth        | 1 |  1.4
Axes           | 1 2 3 5 6 7 9 |  9.3
Fighting       | 3 4 6 7 8 9 |  9.8
Dodging        | 3 4 5 7 |  7.9
Throwing       | 1 |  1.2
Evocations     | 1 2 |  2.9

Action                   |  1- 3 |  4- 6 |  7- 9 | 10-12 || total
-------------------------+-------+-------+-------+-------++-------
Melee: Hand axe          |       |    13 |   182 |   383 ||   578
       Headbutt          |       |     3 |    41 |    82 ||   126
 Fire: Hunting sling     |    78 |   151 |   125 |    72 ||   426
Throw: Stone             |       |       |    11 |       ||    11
Evoke: Wand              |       |     3 |     7 |    29 ||    39
       Deck              |       |     8 |     5 |    18 ||    31
  Use: Scroll            |     2 |     7 |     8 |    11 ||    28
       Potion            |       |     2 |    13 |     5 ||    20
  Eat: Chunk             |     3 |     5 |    11 |     7 ||    26
       Royal jelly       |       |     1 |     1 |     1 ||     3
       Bread ration      |       |     1 |     1 |       ||     2
       Beef jerky        |       |       |     2 |       ||     2
       Fruit             |       |       |     1 |       ||     1
Armor: Leather armour    |     9 |     4 |       |       ||    13
       Ring mail         |       |     3 |       |       ||     3
       Chain mail        |       |    26 |   158 |   184 ||   368
Dodge: Dodged            |    26 |    56 |   105 |   198 ||   385
